 Dungeon Crawl Stone Soup version 0.21-a0-29-g43b3074 (webtiles) character file.

15 tof the Ruffian (level 2, 0/27 HPs)
             Began as a Troll Warper on May 26, 2017.
             Succumbed to a kobold's poison
             ... on level 1 of the Dungeon.
             The game lasted 00:01:28 (418 turns).

tof the Ruffian (Troll Warper)                       Turns: 418, Time: 00:01:29

Health: 0/27       AC:  5    Str: 18    XL:     2   Next: 34%
Magic:  2/2        EV: 10    Int: 14    God:
Gold:   38         SH:  0    Dex:  9    Spells: 1/3 levels left

rFire    . . .     SeeInvis .     - Unarmed
rCold    . . .     Gourm    +   (no shield)
rNeg     . . .     Faith    .   a - +0 robe
rPois    .         Spirit   .   (helmet restricted)
rElec    .         Reflect  .   (no cloak)
rCorr    .         Harm     .   (gloves unavailable)
MR       .....                  (boots unavailable)
Stlth    +.........             (no amulet)
Regen    0.5/turn               (no ring)
MPRegen  0.1/turn               (no ring)

@: brilliant, lethally poisoned (0 -> -8)
A: unfitting armour, claws 3, fast metabolism 3, gourmand, regeneration 1,
shaggy fur 1, tough skin 2
a: no special abilities


You were on level 1 of the Dungeon.
You were not hungry.

You visited 1 branch of the dungeon, and saw 1 of its levels.

You collected 38 gold pieces.

Inventory:

Missiles
 d - 5 tomahawks of dispersal (quivered)
Armour
 a - a +0 robe (worn)
Scrolls
 c - a scroll of blinking
 e - a scroll of recharging {unknown}
Books
 b - a book of Spatial Translocations

   Spells                             Type                      Level
   a - Blink                          Translocation                2
   b - Shroud of Golubria             Charms/Translocation         2
   c - Lesser Beckoning               Translocation                3
   d - Gell's Gravitas                Translocation                3
   e - Teleport Other                 Translocation                3
   f - Passage of Golubria            Translocation                4
Comestibles
 f - 2 bread rations


   Skills:
 + Level 1.6 Fighting
 + Level 1.3 Throwing
 + Level 2.0 Dodging
 * Level 2.4 Unarmed Combat
 + Level 1.2 Spellcasting
 - Level 2.1 Translocations


You had one spell level left.
You knew the following spells:

 Your Spells              Type           Power        Failure   Level  Hunger
a - Blink                 Tloc           N/A          1%          2    ###....


Dungeon Overview and Level Annotations

Branches:
Dungeon (1/15)

Altars:


Innate Abilities, Weirdness & Mutations

You are too large for most types of armour.
You have claws for hands.
Your metabolism is lightning-fast.
You like to eat raw meat.
Your natural rate of healing is unusually fast.
You are covered in fur. (AC +1)
You have very tough skin. (AC +2)


Message History

a short sword of venom; a kobold corpse
* * * LOW HITPOINT WARNING * * *
You feel sick.
It was a potion of brilliance.
You feel clever all of a sudden.
* * * LOW HITPOINT WARNING * * *
You feel sick.
Okay, then.
There is a lethal amount of poison in your body!
There is a lethal amount of poison in your body!
There is a lethal amount of poison in your body!
There is a lethal amount of poison in your body!
There is a lethal amount of poison in your body!
Number of times to repeat, then command key: You must enter the number of times for the command to repeat.
* * * LOW HITPOINT WARNING * * *
You feel sick.
* * * LOW HITPOINT WARNING * * *
You feel sick.
You die...

♣..# #.####.# ♣..#
#......# ♣..#
##.###### ♣.## ###
#.....# ♣.# ..#
###..##.# ..# ## #.#
......#.###### #.#
#.#
#.##.##...........
#.# ##
#†##.##.##.....######
#.#
#.###.)@...#.....##
#.#
##.#.##.#####...##
#.# .....#.# ##.##
#.# ..###.#.#.# #.#
.# ..........# #.#
#..###.#.### ##'##
### #.. #..#.#
##...## #.. #..
#.##.# ##.....## #.#
##..##.#..#
##.......## #.#


There were no monsters in sight!

Vanquished Creatures
  2 dart slugs (D:1)
  2 giant cockroaches (D:1)
  2 goblins (D:1)
  A hobgoblin (D:1)
  A frilled lizard (D:1)
  2 kobolds (D:1)
10 creatures vanquished.

Notes
Turn   | Place    | Note
-------+----------+-------------------------------------------
     0 | D:1      | tof the Troll Warper began the quest for the Orb.
     0 | D:1      | Reached XP level 1. HP: 19/19 MP: 1/1
    11 | D:1      | Reached skill level 1 in Throwing
   273 | D:1      | Reached XP level 2. HP: 27/27 MP: 2/2
   277 | D:1      | Learned a level 2 spell: Blink
   418 | D:1      | Succumbed to a kobold's poison

Vault maps used:
D:1:      scummos_arrival_checkerplants

Skill      XL: |  1 |
---------------+----+-----
Throwing       | 1 |  1.3
Dodging        | 2 |  2.0
Fighting       | |  1.6
Unarmed Combat | |  2.4
Spellcasting   | |  1.2
Translocations | |  2.1

Action                   || total
-------------------------++-------
Melee: Unarmed           ||    38
 Cast: Blink             ||     2
  Use: Potion            ||     1
  Eat: Chunk             ||     3
Armor: Robe              ||    15
Dodge: Dodged            ||    27
